 Dungeon Crawl Stone Soup version 0.30-a0-534-gdc55766716 (webtiles) character file.

Game seed: 5512906637956818336

78 arthad the Digger (level 4, -5/25 HPs)
             Began as a Gargoyle Earth Elementalist on Dec 24, 2022.
             Slain by Crazy Yiuf
             ... wielding a +4 quarterstaff of chaos
              (13 damage)
             ... on level 2 of the Dungeon.
             The game lasted 00:03:58 (1611 turns).

arthad the Digger (Gargoyle Earth Elementalist)     Turns: 1611, Time: 00:03:59

Health: -5/25      AC:  6    Str: 11    XL:     4   Next: 36%
Magic:  5/7        EV: 12    Int: 18    God:
Gold:   160        SH:  0    Dex: 10    Spells: 6/7 levels left

rFire   . . .      SeeInvis .    d - +2 dagger (elec)
rCold   + . .      Faith    .    (no shield)
rNeg    + . .      Spirit   .    a - +0 robe
rPois   ∞          Reflect  .    (no helmet)
rElec   +          Harm     .    (no cloak)
rCorr   .          Rampage  .    (no gloves)
Will    .....                    j - +0 pair of boots
Stlth   ++                       (no amulet)
HPRegen 0.24/turn                k - ring of protection from cold
MPRegen 0.10/turn                (no ring)

@: no status effects
A: sickness immunity, AC +3, negative energy resistance 1, electricity
resistance, torment resistance 1, petrification resistance
a: no special abilities


You were on level 2 of the Dungeon.
You visited 1 branch of the dungeon, and saw 2 of its levels.

You collected 160 gold pieces.

Inventory:

Hand Weapons
 d - a +2 dagger of electrocution (weapon)
Armour
 a - a +0 robe (worn)
 j - a +0 pair of boots (worn)
Jewellery
 k - a ring of protection from cold (left hand)
 l - the ring of Ziveboas {Wiz rC+}
   (You found it on level 2 of the Dungeon)

   [ring of wizardry]

   It improves your spell success rate.
   rC:        It protects you from cold.
Scrolls
 c - 3 scrolls of identify {unknown}
 e - 2 scrolls of teleportation {unknown}
 g - a scroll of enchant weapon {unknown}
 n - 2 scrolls of noise {unknown}
 o - a scroll of blinking {unknown}
 p - a scroll of magic mapping {unknown}
Potions
 b - 2 potions of magic
 f - a potion of flight {unknown}
 h - a potion of brilliance {unknown}
 i - 2 potions of might {unknown}
 m - 3 potions of heal wounds {unknown}


   Skills:
 + Level 1.1 Fighting
 + Level 1.0 Armour
 + Level 1.8 Dodging
 + Level 2.6 Stealth
 * Level 2.4 Spellcasting
 * Level 1.4 Conjurations
 + Level 1.2 Transmutations
 * Level 4.2 Earth Magic


You had 6 spell levels left.
You knew the following spells:

 Your Spells              Type           Power      Damage    Failure   Level
a - Sandblast             Erth           34%        2d9       3%          1

Your spell library contained the following spells:

 Spells                   Type           Power      Damage    Failure   Level
 Passwall                 Tmut/Erth      10%        N/A       9%          2
 Stone Arrow              Conj/Erth      24%        3d8       16%         3
 Petrify                  Tmut/Erth      12%        N/A       50%         4
 Airstrike                Air            1%         2d(1-17)  86%         4
 Summon Lightning Spire   Summ/Air       2%         N/A       86%         4
 Lightning Bolt           Conj/Air       2%         1d13      98%         5
 Freezing Cloud           Conj/Ice/Air   1%         6-21      99%         5
 Simulacrum               Ice/Necr       1%         N/A       100%        6
 Polar Vortex             Ice            1%         N/A       100%        9


Dungeon Overview and Level Annotations

Branches:
Dungeon (2/15)

Altars:
Okawaru

Annotations:
D:2 Crazy Yiuf


Innate Abilities, Weirdness & Mutations

You are immune to sickness and miasma.
Your stone body is resilient. (AC +3)
You are immune to poison.
You resist negative energy. (rN+)
You are resistant to electric shocks. (rElec)
You are resistant to unholy torment.
You are immune to petrification.


Message History

You kill the kobold!
You can't see any susceptible monsters within range! (Use Z to cast anyway.)
Found an iron altar of Okawaru.
Found 4 gold pieces.
There is an iron altar of Okawaru here.
You now have 160 gold pieces (gained 4).
A hobgoblin comes into view.
A hobgoblin is nearby!
The blast of sand hits the hobgoblin.
The hobgoblin is moderately wounded.
The hobgoblin shouts!
The blast of sand hits the hobgoblin.
You kill the hobgoblin!
You see here a hobgoblin corpse.
Partly explored, can't reach some places.
You hit the fungus.
The fungus begins to die.
The fungus is lightly damaged.
You hit the fungus. Lightning courses through the fungus!!
The fungus is lightly damaged.
You hit the fungus.
The fungus is lightly damaged.
You hit the fungus. Lightning courses through the fungus!
The fungus is moderately damaged.
You completely miss the fungus.
The fungus is moderately damaged.
A nearby fungus withers and dies.
Found a hammer.
Found a runed translucent door.
You open the door.
The blast of sand hits Crazy Yiuf but does no damage.
Crazy Yiuf hits you with a +4 quarterstaff of chaos!
Crazy Yiuf burns you. Crazy Yiuf barely misses you.
You are too injured to fight recklessly!
Aiming: Sandblast (safe; 3% risk of failure)
Press: ? - help, Q - select action Shift-Dir - straight line, f/p - Crazy Yiuf
Aim: Crazy Yiuf, wielding a +4 quarterstaff of chaos and wearing a +0 cloak (84% to hit)
The blast of sand hits Crazy Yiuf!
Crazy Yiuf is heavily wounded.
Crazy Yiuf hits you with a +4 quarterstaff of chaos!
Ouch! That really hurt!
You die...

#####.....####....#
##.........# ##..##
........#..# ♣PPP.♣
.....####..# ♣♣♣P.♣
..#### #..# ♣.♣♣
.## #..# ♣♣.♣ .#
#..# ♣.♣♣ ## #..#
♣♣.♣ # #### ♣@♣♣ #
#g# ... #...# #)..#
#####


You could see Crazy Yiuf.

Vanquished Creatures
  Jessica (D:2)
  An adder (D:2)
  2 dart slugs (D:1)
  5 endoplasms (D:1)
  4 goblins
  3 hobgoblins (D:2)
  2 quokkas
  7 ball pythons
  A bat (D:2)
  3 frilled lizards
  6 kobolds
  4 rats (D:1)
39 creatures vanquished.

Vanquished Creatures (others)
  A fungus (D:2)
1 creature vanquished.

Grand Total: 40 creatures vanquished

Notes
Turn   | Place    | Note
-------+----------+-------------------------------------------
     0 | D:1      | arthad the Gargoyle Earth Elementalist began the quest for
                  | the Orb.
     0 | D:1      | Reached XP level 1. HP: 10/10 MP: 3/3
   165 | D:1      | Reached XP level 2. HP: 15/15 MP: 0/5
   371 | D:1      | Reached skill level 1 in Transmutations
   501 | D:1      | Reached skill level 4 in Earth Magic
   650 | D:1      | Reached XP level 3. HP: 20/20 MP: 4/6
   736 | D:1      | Reached skill level 1 in Conjurations
  1037 | D:2      | Found a faded altar of an unknown god.
  1048 | D:2      | Identified the ring of Ziveboas {Wiz rC+}
  1101 | D:2      | Noticed Jessica
  1103 | D:2      | Killed Jessica
  1104 | D:2      | Reached skill level 1 in Fighting
  1104 | D:2      | Reached XP level 4. HP: 25/25 MP: 5/7
  1171 | D:2      | Reached skill level 1 in Armour
  1521 | D:2      | Found an iron altar of Okawaru.
  1605 | D:2      | Found a runed translucent door.
  1606 | D:2      | Noticed Crazy Yiuf
  1611 | D:2      | Slain by Crazy Yiuf

Illustrated notes

Levels and vault maps discovered:
D:1:      dpeg_arrival_lava_temple_mockup, layout_basic,
          wander_ebering_terrifying_dragon_lair
D:2:      layout_basic, serial_curves, eino_curves_04, eino_curves_04,
          hellmonk_ecumenical_altar_lost_god, basic_altar, uniq_jessica,
          uniq_crazy_yiuf_cottage

Skill      XL: |  1  2  3  4 |
---------------+-------------+-----
Transmutations | 1 |  1.2
Earth Magic    | 4 |  4.2
Conjurations   | 1 |  1.4
Fighting       | 1 |  1.1
Armour         | 1 |  1.0
Dodging        | |  1.8
Stealth        | |  2.6
Spellcasting   | |  2.4

Action                   |  1- 3 |  4- 6 || total
-------------------------+-------+-------++-------
Melee: Dagger            |       |     5 ||     5
 Cast: Sandblast         |    37 |    13 ||    50
Armor: Robe              |     3 |       ||     3
Dodge: Dodged            |     3 |     1 ||     4

Table legend: (Time is in decaauts)
 A = Elapsed time spent in this place.
 B = Non-inter-level travel time spent in this place.
 C = Inter-level travel time spent in this place.
 D = Time resting spent in this place.
 E = Time spent auto-exploring this place.
 F = Levels seen in this place.
 G = Mean time per level.
                   A        B        C        D        E       F      G
               +--------+--------+--------+--------+--------+-----+--------+
         Total |   1634 |   1603 |     31 |      0 |   1372 |   2 |  817.0 |
       Dungeon |   1634 |   1603 |     31 |      0 |   1372 |   2 |  817.0 |
               +--------+--------+--------+--------+--------+-----+--------+

Top non-repeatable levels by time:
     D:1: 917 daAuts
     D:2: 716 daAuts
